[Event "Czech Championship 2022"]
[Site "Usti nad Labem"]
[Date "2022.05.20"]
[Round "7.15"]
[White "Hrbek, Stepan"]
[Black "Jun, Rudolf"]
[Result "0-1"]
[ECO "B23"]
[WhiteElo "2303"]
[BlackElo "2183"]
[Annotator "TA"]
[PlyCount "102"]
[EventDate "2022.05.12"]
[EventType "swiss"]
[EventCountry "CZE"]
[SourceTitle "playchess.com"]
[Source "ChessBase"]
[SourceQuality "1"]
[TimeControl "40/5400+30:1800+30"]

1. e4 c5 2. Nc3 Nc6 3. Bb5 g6 4. Bxc6 dxc6 5. d3 Bg7 6. Be3 b6 7. Qd2 e5 {[%emt 0:03:28] B23: Closed Sicilian: Lines without g3.} 8. f4 exf4 9. Bxf4 Bg4 {[%emt 0:06:16] White has an edge.} 10. Nf3 Nf6 {[%emt 0:07:46] [#]} 11. Bh6 $146 ({Predecessor:} 11. Ne5 O-O 12. O-O Be6 13. Nxc6 Qd7 14. Bg5 Nxe4 15. Nxe4 Qxc6 16. Nf6+ Kh8 17. Qf4 {1-0 (25) Mitkov,N (2552)-Smetankin,S (2485) Chicago 2006}) 11... Bxh6 12. Qxh6 Bxf3 13. gxf3 Nh5 14. O-O-O Qf6 15. Qe3 Qf4 16. Rde1 O-O-O 17. Kb1 Qxe3 18. Rxe3 Rhe8 19. Ne2 Rd7 20. f4 f5 21. h4 ({White should try} 21. e5 $14) 21... Rde7 ({Better is} 21... fxe4 $15 22. dxe4 Rde7) 22. e5 $14 Kd7 23. Rf3 Ke6 24. Ng1 Rd8 25. Nh3 h6 26. Rg1 Kf7 27. b3 b5 28. c3 a5 29. Kc2 Ra8 30. a4 Rb8 {[%emt 0:05:38] White must now prevent ...bxa4.} 31. axb5 cxb5 32. Nf2 a4 (32... Ra7 $15) 33. bxa4 $1 $11 bxa4 34. Ra1 g5 35. fxg5 Rxe5 36. Ne4 (36. Kd1 $11 Rbe8 37. Rxa4 hxg5 38. hxg5) 36... Kg6 $15 37. Nd2 hxg5 38. hxg5 Re2 {[%emt 0:03:03] Inhibits Rf2.} (38... Ra8 $5 ) 39. Rxa4 Kxg5 40. Rf1 Ng3 41. Rf3 Rg2 42. Raf4 $2 {[%emt 0:00:40][%mdl 8192] [#] Loses the game.} (42. Ra7 $15) 42... Ra8 $19 {[%emt 0:01:45] Black is clearly winning.} 43. Rxg3+ Rxg3 {[%emt 0:00:12][%mdl 4096] Endgame KRR-KRN} 44. Rf2 Kg4 45. Kb3 Rxd3 46. Kc4 Re3 47. Nf1 Re4+ 48. Kxc5 Rc8+ 49. Kd5 Rxc3 {[%emt 0:01:02] [#] Hoping for ...Rd3+.} 50. Nh2+ Kg5 (50... Kg3 $142 51. Rxf5 Re1) 51. Nf3+ Kf6 {[%emt 0:00:37] Weighted Error Value: White=0.40/Black=0.22 (precise)} 0-1

[Event "Czech Championship 2022"]
[Site "Usti nad Labem"]
[Date "2022.05.20"]
[Round "7.16"]
[White "Delgerdalai, Bayarjavkhlan"]
[Black "Gnojek, Petr"]
[Result "0-1"]
[ECO "B07"]
[WhiteElo "2119"]
[BlackElo "2302"]
[Annotator "TA"]
[PlyCount "106"]
[EventDate "2022.05.12"]
[EventType "swiss"]
[EventCountry "CZE"]
[SourceTitle "playchess.com"]
[Source "ChessBase"]
[SourceQuality "1"]
[TimeControl "40/5400+30:1800+30"]

1. e4 d6 2. d4 Nf6 3. Nc3 c6 4. Be3 Nbd7 5. Nf3 Qa5 6. Qd2 {[%emt 0:03:12] B07: Pirc Defence: Miscellaneous Systems.} b5 7. Bd3 $1 e5 8. O-O {[%emt 0:02:26][%cal Ob2b4] White is better.} Be7 {[%emt 0:01:53] [#]} 9. a3 $146 ({Predecessor:} 9. Rad1 O-O 10. dxe5 dxe5 11. Nd5 Qd8 12. Nxf6+ Bxf6 13. Qe2 Qe7 14. Nd2 a6 15. a4 {0-1 (41) Van der Hoorn,M (2133)-Bennett,H (2093) Wanganui 2005}) 9... Bb7 10. b4 Qc7 11. Ne2 O-O 12. Ng3 Rfe8 13. dxe5 Nxe5 14. Nxe5 dxe5 15. Nf5 Bf8 $1 16. Bc5 {[%emt 0:06:40] Qg5 is the strong threat.} Re6 17. Rae1 Bxc5 18. bxc5 Ne8 19. Re3 Rd8 20. h4 Bc8 21. h5 Rf6 22. Qe2 (22. a4 $14 {deserves consideration.}) 22... g6 23. Rg3 (23. g4 $11 {keeps the balance.}) 23... Kf8 $1 $17 24. Nh4 Ng7 (24... Rf4 $19 25. Nf3 Nf6 26. hxg6 hxg6) 25. hxg6 hxg6 26. Re3 Qe7 27. g3 Bh3 28. Ng2 (28. Re1 $17 {is a better defense.}) 28... Qxc5 29. Kh2 Bc8 30. f4 Ke7 31. f5 (31. Qe1 $17) 31... Rh8+ $19 ({Weaker is} 31... gxf5 32. exf5 Rh6+ 33. Nh4 $17) 32. Kg1 gxf5 33. exf5 Nxf5 34. Bxf5 Rxf5 ({Don't go for} 34... Bxf5 $2 35. Qf2 Rhh6 36. Ree1 Qxf2+ 37. Rxf2 $19) 35. Rf2 Rxf2 36. Qxf2 Be6 37. Nh4 Rd8 {[%emt 0:00:50] And now ...Rd1+ would win.} 38. Kh2 Rd1 39. Ng2 Qd4 {[%emt 0:01:15] aiming for ...Rd2.} 40. c3 Qg4 41. Ne1 (41. Re1 $142 Qh5+ 42. Nh4) 41... Qh5+ 42. Kg1 Bd5 43. Kf1 f6 (43... Ra1 $142 44. Rd3 Bc4 45. Qc5+ Kf6 46. Qd6+ Kg7 47. Kf2 Qh2+ 48. Ng2 Bxd3 49. Qxe5+ Kh7 50. c4 Rf1+ 51. Ke3 Qxg2 52. Qh5+ Kg7 53. Qg5+ Bg6 54. Qe5+ Kh7 55. Qf4 Rd1 56. Qxf7+ Bxf7 57. Kf4 Rd4+ 58. Kf5 Qe4+ 59. Kf6 Qe6+ 60. Kg5 Qg6#) 44. g4 Qh1+ 45. Ke2 Ra1 46. Qg3 Bc4+ 47. Kd2 Qd5+ 48. Nd3 Bxd3 49. Rxd3 Ra2+ (49... Qe4 $142 50. Rd7+ Kxd7 51. Qd3+ Qxd3+ 52. Kxd3 Rxa3 53. Kd2 Ra4 54. Ke3 Rxg4 55. Kf2 a5 56. Kf3 f5 57. Kf2 a4 58. Ke3 a3 59. c4 bxc4 60. Kf3 a2 61. Ke3 a1=Q 62. Kf2 Qb2+ 63. Kf1 c3 64. Ke1 Rg1#) 50. Ke3 Qc5+ 51. Ke4 Qc4+ 52. Kf5 {[%emt 0:01:00] [#]} Qg8 (52... Rf2+ $142 $3 53. Kg6 Qg8+ 54. Kh6 {[#]} Rh2+ $3 55. Qxh2 Qh8+ 56. Kg6 Qxh2 57. Rd8 Kxd8 58. Kxf6 e4 59. c4 Qf4+ 60. Kg6 Ke7 61. g5 e3 62. Kh6 e2 63. Kh5 e1=Q 64. Kg6 Qeh4 65. cxb5 Qfxg5#) 53. Qh4 {[%emt 0:01:19] [#]} Rf2+ $3 {[%emt 0:00:11][%mdl 512] Weighted Error Value: White=0.68/Black=0.34} 0-1

[Event "Czech Championship 2022"]
[Site "Usti nad Labem"]
[Date "2022.05.20"]
[Round "7.17"]
[White "Serrano Salvador, Eduardo"]
[Black "Hladky, Tadeas"]
[Result "1-0"]
[ECO "E48"]
[WhiteElo "2286"]
[BlackElo "2119"]
[Annotator "TA"]
[PlyCount "60"]
[EventDate "2022.05.12"]
[EventType "swiss"]
[EventCountry "CZE"]
[SourceTitle "playchess.com"]
[Source "ChessBase"]
[SourceQuality "1"]
[TimeControl "40/5400+30:1800+30"]

1. d4 Nf6 2. c4 e6 3. Nc3 Bb4 4. e3 d5 5. Bd3 O-O 6. Nge2 dxc4 7. Bxc4 c5 8. a3 cxd4 9. axb4 dxc3 {[%emt 0:00:10] E48: Nimzo-Indian: Rubinstein: 5 Bd3 d5 including 6 Ne2, but excluding 6 a3.} 10. Qxd8 ({But not} 10. bxc3 Qxd1+ 11. Kxd1 Bd7 $15) 10... Rxd8 11. bxc3 Nc6 {[%emt 0:01:59] The position is equal.} 12. Nd4 Bd7 13. Be2 {[%emt 0:11:52] [#]} Nd5 $146 ({Predecessor:} 13... a6 14. Nxc6 Bxc6 15. f3 Nd5 16. Bd2 b5 17. c4 bxc4 18. Bxc4 Bb5 19. Bxb5 axb5 {1-0 (43) Gutov,A (2461)-Shurjev,M (2284) Kemerovo 2010}) 14. Nxc6 Bxc6 15. b5 Be8 16. Bd2 a6 17. c4 Nf6 {[%emt 0:01:40] aiming for ...axb5.} 18. Ba5 axb5 {[%emt 0:01:44][%cal Ob7b6] [#] And now ...b6! would win.} 19. O-O Rdc8 20. cxb5 Rc2 21. Bd3 Rb2 22. Bb6 {[%emt 0:03:46] This bishop pair is nice.} Rc8 23. Rfc1 Rxc1+ 24. Rxc1 h6 25. h3 e5 $2 (25... Rb3 $14 26. Bc4 Rb4) 26. Rc8 $18 Rb3 27. Bc2 Rb2 28. Bd8 ({White should play} 28. Ba7 $18) 28... Kf8 {[%emt 0:01:18] [#]} (28... Bd7 $14 29. Rb8 Rxc2 30. Bxf6+ Rc8 31. Rxc8+ (31. Rxb7 Rc1+ 32. Kh2 Bc8 $11) (31. Bxe5 Rxb8 32. Bxb8 Bxb5 $11) 31... Bxc8 32. Bxe5 Bd7) 29. Bc7 $1 $16 Ke7 30. Bxe5 Rxb5 $2 {[%emt 0:00:15][%mdl 8192] Weighted Error Value: White=0.18 (very precise) /Black=0.28 (precise)} (30... Bd7 $16) 1-0

[Event "Czech Championship 2022"]
[Site "Usti nad Labem"]
[Date "2022.05.20"]
[Round "7.18"]
[White "Paseka, Matyas"]
[Black "Sykora, Marek"]
[Result "0-1"]
[ECO "C97"]
[WhiteElo "2076"]
[BlackElo "2249"]
[Annotator "TA"]
[PlyCount "82"]
[EventDate "2022.05.12"]
[EventType "swiss"]
[EventCountry "CZE"]
[SourceTitle "playchess.com"]
[Source "ChessBase"]
[SourceQuality "1"]
[TimeControl "40/5400+30:1800+30"]

1. e4 e5 2. Nf3 Nc6 3. Bb5 a6 4. Ba4 Nf6 5. O-O Be7 6. Re1 b5 7. Bb3 O-O 8. h3 d6 9. c3 Na5 10. Bc2 c5 11. d4 Qc7 12. Nbd2 Bd7 13. Nf1 Rfc8 14. d5 c4 {[%emt 0:02:11] C97: Closed Ruy Lopez: Chigorin Defence: 11 d4 Qc7, sidelines.} 15. Ng3 Nb7 16. Nh4 g6 {[%emt 0:05:43] [#] The position is equal.} (16... Nxd5 $2 17. exd5 g6 {[#]} 18. Nhf5 $1 Bxf5 19. Nxf5 $18) 17. Bg5 $146 {[%emt 0:01:15] [#]} (17. Nf3 $11) ({Predecessor:} 17. f4 Nxd5 18. Nxg6 hxg6 19. exd5 Bf6 20. f5 Kg7 21. fxg6 fxg6 22. Nh5+ gxh5 23. Qxh5 {1-0 (33) Siva,M (2349)-Jeet,J (2279) Chess.com INT 2021}) 17... Nxd5 $1 $17 18. Bxe7 Nxe7 19. Qd2 Qd8 20. Rad1 Nc6 21. Qh6 Qf8 22. Qg5 f6 23. Qe3 Be6 24. Rf1 Qe7 25. Qh6 (25. Ne2 $142) 25... Rd8 26. Rde1 Nc5 27. b4 $2 (27. f4 exf4 28. Rxf4) 27... cxb3 $19 28. axb3 Qg7 ({Avoid the trap} 28... Bxb3 $2 29. Bxb3+ Nxb3 30. Rb1 $19) 29. Qe3 Nxb3 ({But not} 29... Bxb3 $2 30. Bxb3+ Nxb3 31. Nf3 $19) 30. Qb6 Nba5 {[%emt 0:01:19][%cal Oa5c4] Strongly threatening ...Nc4!} 31. Qe3 Nc4 32. Qc1 a5 33. f4 exf4 34. Rxf4 N6e5 35. Ref1 Rf8 ({Not} 35... g5 $2 36. Nhf5 Qa7+ 37. R4f2 Bxf5 38. Nxf5 $19) 36. Kh2 (36. Ne2 $142) 36... a4 {[%emt 0:01:42] Hoping for ...a3. Black is clearly winning.} 37. Qa1 (37. Nf3 $142 Nxf3+ 38. R4xf3) 37... Ne3 38. R1f2 Qh6 39. Qc1 {[%emt 0:00:44] [#]} N3g4+ $1 40. hxg4 Qxh4+ 41. Kg1 Qxg3 {[%emt 0:30:14] White got outplayed after the opening.  Weighted Error Value: White=0.69/Black=0.14 (very precise)} 0-1

[Event "Czech Championship 2022"]
[Site "Usti nad Labem"]
[Date "2022.05.20"]
[Round "7.19"]
[White "Sykora, Ondrej"]
[Black "Freisler, Pavel"]
[Result "0-1"]
[ECO "C50"]
[WhiteElo "2092"]
[BlackElo "2239"]
[Annotator "TA"]
[PlyCount "36"]
[EventDate "2022.05.12"]
[EventType "swiss"]
[EventCountry "CZE"]
[SourceTitle "playchess.com"]
[Source "ChessBase"]
[SourceQuality "1"]
[TimeControl "40/5400+30:1800+30"]

1. e4 e5 2. Nf3 Nc6 3. Bc4 Bc5 4. Nc3 Nf6 5. d3 d6 6. Bg5 h6 7. Bxf6 Qxf6 8. Nd5 Qd8 9. c3 a6 10. b4 {[%emt 0:02:33] C50: Hungarian Defence and Giuoco Pianissimo.} Ba7 11. a4 Ne7 12. Ne3 {[%emt 0:01:02] The position is equal.} c6 13. O-O O-O 14. Bb3 Ng6 15. d4 Qf6 {[%emt 0:01:58] [#]} 16. Qd2 $146 (16. Rb1 $11) ({Predecessor:} 16. Re1 Nf4 17. g3 exd4 18. cxd4 Nh3+ 19. Kg2 Re8 20. e5 dxe5 21. dxe5 Qe7 22. Qc2 Qxb4 {1-0 (41) Coenen,M (2294)-Winterberg,L (2282) Eupen 2014}) 16... Nf4 $17 17. Kh1 {[%emt 0:06:13] [#]} (17. dxe5 $17 dxe5 18. g3) 17... Nxg2 $1 $19 18. Kxg2 {[%emt 0:00:39] [#]} (18. Nxg2 {is a better defense.} Qxf3 19. Qe3) 18... Bh3+ $1 {[%emt 0:00:10][%mdl 576] Decoy.  Weighted Error Value: White=0.38/Black=0.02 (flawless)} 0-1

[Event "Czech Championship 2022"]
[Site "Usti nad Labem"]
[Date "2022.05.20"]
[Round "7.20"]
[White "Nytra, Ondrej"]
[Black "Bartos, Jan"]
[Result "1/2-1/2"]
[ECO "C02"]
[WhiteElo "2219"]
[BlackElo "2125"]
[Annotator "TA"]
[PlyCount "65"]
[EventDate "2022.05.12"]
[EventType "swiss"]
[EventCountry "CZE"]
[SourceTitle "playchess.com"]
[Source "ChessBase"]
[SourceQuality "1"]
[TimeControl "40/5400+30:1800+30"]

1. e4 e6 2. d4 d5 3. e5 c5 4. c3 Nc6 5. Nf3 Qb6 6. a3 Bd7 7. b4 cxd4 8. cxd4 Rc8 9. Be3 Nh6 10. Bd3 Ng4 11. O-O Be7 12. Ra2 {[%emt 0:00:55] C02: French: Advance Variation.} Nxe3 13. fxe3 Nb8 {[#]} 14. Raf2 $146 ({Predecessor:} 14. b5 a6 15. a4 Qa5 16. Qe2 O-O 17. g4 Rc7 18. h4 Rfc8 19. g5 Rc1 20. Rxc1 Rxc1+ {0-1 (50) Egorov,E (2380)-Sambuev,B (2490) Voronezh 2004}) 14... Bb5 15. Ne1 Bd7 $2 {[%emt 0:00:00][%mdl 8192] [#]} (15... O-O $11 {and Black is okay.}) 16. Nf3 $2 (16. Rxf7 $18 Kd8 17. Rxg7) 16... Bb5 17. Ne1 Bxd3 18. Nxd3 O-O 19. Qg4 (19. Qh5 $5 ) 19... Nd7 20. Nf4 f5 21. exf6 Rxf6 {[%emt 0:00:00] [#]} (21... Nxf6 $11 22. Qxe6+ Qxe6 23. Nxe6 Rfe8) 22. Nxd5 $1 exd5 23. Qxd7 Qe6 {[%emt 0:00:00] The position is equal.} 24. Qxe6+ Rxe6 25. Re1 Bg5 26. Rfe2 Rce8 27. Kf2 Rf8+ 28. Kg3 (28. Kg1 $5 ) 28... Rg6 {[%emt 0:00:00][%mdl 1024] Black has compensation.} 29. Kh3 $1 ({Wrong is} 29. Nc3 $2 Bxe3+ 30. Kh3 Rh6+ 31. Kg4 Bf2 32. Rxf2 Rg6+ 33. Kh3 Rxf2 $19) 29... Rh6+ 30. Kg4 Rg6 31. Kh3 ({But not} 31. Nc3 $2 Bxe3+ 32. Kh3 Rh6+ 33. Kg4 Bf2 34. Rxf2 Rg6+ 35. Kh3 Rxf2 $19) 31... Rh6+ 32. Kg4 Rg6 33. Kh3 {[%emt 0:05:30] Weighted Error Value: White=0.35/Black=0.50} ({Not} 33. Nc3 $2 Bxe3+ 34. Kh3 Rh6+ 35. Kg4 Bf2 $19) 1/2-1/2

[Event "Czech Championship 2022"]
[Site "Usti nad Labem"]
[Date "2022.05.20"]
[Round "7.21"]
[White "Horak, Jiri"]
[Black "Ret, Adam Josef"]
[Result "1-0"]
[ECO "D56"]
[WhiteElo "2161"]
[BlackElo "2093"]
[Annotator "TA"]
[PlyCount "79"]
[EventDate "2022.05.12"]
[EventType "swiss"]
[EventCountry "CZE"]
[SourceTitle "playchess.com"]
[Source "ChessBase"]
[SourceQuality "1"]
[TimeControl "40/5400+30:1800+30"]

1. d4 d5 2. c4 e6 3. Nc3 Nf6 4. Bg5 Be7 5. e3 O-O 6. Nf3 h6 7. Bh4 Ne4 8. Bxe7 Qxe7 9. Nxe4 dxe4 10. Nd2 f5 11. Qc2 {[%emt 0:02:08] D56: Queen's Gambit Declined: Lasker Defence.} Nd7 12. O-O-O c5 {[%emt 0:02:52] [#]} 13. Nb3 $146 {[%emt 0:03:56] Black has an edge.} ({Predecessor:} 13. Be2 Rd8 14. Nb3 cxd4 15. Nxd4 Nc5 16. Kb1 Bd7 17. Nb3 Ba4 18. Qc3 Rxd1+ 19. Rxd1 {1-0 (30) Zhmailo,Y-Senchukova,G Gorodets 2007}) 13... b6 14. g3 Bb7 (14... a5 $15) 15. Be2 (15. dxc5 $11 Nxc5 16. Nxc5 Qxc5 17. Be2) 15... Rac8 16. Kb1 Ba6 (16... a5 $15) 17. dxc5 $1 $14 Nxc5 18. Nxc5 Qxc5 19. Rd7 Bxc4 20. Bxc4 Qxc4 21. Qxc4 Rxc4 22. Rxa7 {[%emt 0:00:14][%mdl 4096] Endgame KRR-KRR} Rd8 (22... Rfc8 $14) 23. Rc1 $16 Rxc1+ 24. Kxc1 {[%emt 0:00:07] KR-KR} Kh7 {[%emt 0:00:09] White leaves nothing to chance now.} ({Black should play} 24... Rc8+ 25. Kd2 b5) 25. Rc7 Rd6 {[%emt 0:01:00] Against Rc6} 26. b4 b5 (26... Kg6 $16 {might work better.}) 27. Rc5 $18 Rb6 28. Kc2 Kg6 29. Kb3 Kg5 30. h3 {[%emt 1:04:02] Strongly threatening a4.} h5 {[#]} 31. a4 $1 bxa4+ 32. Kxa4 {[%emt 0:00:00] aiming for Ka5.} Kf6 $2 (32... Rb8 33. b5 h4) 33. b5 {[%emt 0:00:00][%cal Bb4b5,Bb5b6][%mdl 32] White is clearly winning.} Ke7 34. Ka5 Rb8 35. b6 Kd6 36. Kb5 g5 37. Rc2 Ke5 38. Ka6 {[%emt 0:00:00] [#] Hoping for Ka7.} Ra8+ 39. Kb7 Ra1 40. Kc7 {[%emt 0:00:00] Weighted Error Value: White=0.13 (very precise) /Black=0.31} 1-0

[Event "Czech Championship 2022"]
[Site "Usti nad Labem"]
[Date "2022.05.20"]
[Round "7.22"]
[White "Ocelak, Jakub"]
[Black "Sura, Jaroslav"]
[Result "1-0"]
[ECO "E93"]
[WhiteElo "2060"]
[BlackElo "2010"]
[Annotator "TA"]
[PlyCount "69"]
[EventDate "2022.05.12"]
[EventType "swiss"]
[EventCountry "CZE"]
[SourceTitle "playchess.com"]
[Source "ChessBase"]
[SourceQuality "1"]
[TimeControl "40/5400+30:1800+30"]

1. d4 Nf6 2. Nf3 g6 3. c4 Bg7 4. Nc3 d6 5. e4 O-O 6. Be2 Nbd7 7. Be3 e5 8. d5 Ne8 {[%emt 0:00:50] E93: King's Indian: Classical: Petrosian System with 7...Nbd7.} (8... Ng4 $14) 9. g4 $16 h6 {[%emt 0:08:37] [#]} 10. Rg1 $146 ({Predecessor:} 10. Qd2 Kh7 11. h4 a6 12. O-O-O Nc5 13. h5 g5 14. Bxg5 f6 15. Be3 Bxg4 16. Nh4 Bxe2 17. Qxe2 {1-0 (25) Berenstein,M-Schwerdtfeger,W Kiel 2002}) 10... Kh7 {[%emt 0:04:15] White is better.} 11. Qc2 c5 12. Rg3 (12. h4 $142) 12... Rh8 13. O-O-O a6 14. Rdg1 {[%emt 0:06:30] 0x0.000a5a11032bdp-1022s more active pieces. The black rooks are badly placed.} (14. a4 $16) 14... Nc7 $14 15. Qd2 b5 $1 16. Rh3 bxc4 (16... Kg8 $14) 17. Bxh6 $16 Kg8 {[%emt 0:00:03] [#]} 18. Rgg3 (18. Bxc4 Nf6 19. Qg5 Bxh6 20. Rxh6 Rxh6 21. Qxh6 Nxg4 $11) (18. Bg5 $1 $16 f6 19. Rxh8+ Kxh8 20. Bh6) 18... Nf6 ({Black should play} 18... Bf6 $14) 19. Bxg7 $18 (19. Bxc4 Bxg4 20. Bxg7 (20. Rh4 $2 Bxf3 21. Bg5 Rxh4 $19) 20... Kxg7 21. Rxh8 Qxh8 $15) 19... Kxg7 20. Qg5 ({Inferior is} 20. Bxc4 Bxg4 21. Rxh8 Qxh8 $15) 20... Nb5 21. Nd2 $40 {[%emt 0:07:12][%mdl 128] White has strong attack.} (21. Bxc4 $2 Nxc3 22. bxc3 Nxe4 23. Qxd8 Rxd8 $19) 21... Nd4 (21... Bd7 $16) 22. Rxh8 ({And not} 22. Bxc4 Nxg4 23. Qxd8 Rxd8 $17) (22. Bd1 $18) 22... Qxh8 $16 23. h3 Bd7 24. Qe3 ({Resist} 24. Bxc4 $6 Qe8 $14) 24... Bb5 25. Bd1 a5 (25... Nd7 $16) 26. h4 a4 (26... Ba6 $142) 27. a3 Nd7 (27... Qxh4 $2 28. Rh3 Nxg4 29. Rxh4 $18) 28. h5 {[%emt 0:01:50] Black must now prevent hxg6.} f6 $2 (28... Kg8 29. Nxb5 Nxb5 30. Nxc4 Qf6) 29. hxg6 $18 Qe8 30. Nxb5 Nxb5 31. g5 Nd4 32. gxf6+ Nxf6 33. Rh3 {[%emt 0:00:41] [#] Threatening mate with Qh6+.} Kf8 34. Qh6+ Ke7 35. Qg7+ {[%emt 0:00:05] Weighted Error Value: White=0.17 (very precise) /Black=0.80} 1-0

[Event "Czech Championship 2022"]
[Site "Usti nad Labem"]
[Date "2022.05.20"]
[Round "7.23"]
[White "Horak, Martin"]
[Black "Paulus, Vaclav"]
[Result "0-1"]
[ECO "B23"]
[WhiteElo "2343"]
[BlackElo "2093"]
[Annotator "TA"]
[PlyCount "56"]
[EventDate "2022.05.12"]
[EventType "swiss"]
[EventCountry "CZE"]
[SourceTitle "playchess.com"]
[Source "ChessBase"]
[SourceQuality "1"]
[TimeControl "40/5400+30:1800+30"]

1. e4 c5 2. Nc3 Nc6 3. Bb5 Nd4 4. Nf3 a6 5. Bd3 Nc6 6. a3 {[%emt 0:00:34] B23: Closed Sicilian: Lines without g3.} e6 7. O-O d6 8. Re1 {[%emt 0:01:37][%cal Ob2b4] The position is equal.} g5 {[%emt 0:00:36] [#]} 9. h3 $146 ({Predecessor:} 9. Rf1 Bg7 10. Rb1 h6 11. b4 Nge7 12. bxc5 dxc5 13. Na4 c4 14. Nb6 cxd3 15. Nxa8 {0-1 (58) Mamedov,R (2654)-Ivanchuk,V (2678) Europe Echecs INT 2020}) 9... Bg7 10. Rb1 h5 $1 11. Nh2 {[%emt 0:17:14] Against g4} Nge7 (11... g4 $15) 12. Be2 $11 g4 13. hxg4 hxg4 14. Bxg4 Ng6 {[%emt 0:00:25] White must now prevent ...Qh4.} 15. g3 {[%emt 0:01:54] [#] Inhibits Qh4.} (15. d3 $11) 15... Bd4 $1 $17 {[%emt 0:07:05][%mdl 1024] Threatens to win with ...Nce5. Black has strong compensation. Black is more active.} 16. d3 Nge5 ({But not} 16... Qf6 $6 17. Qf3 $11) 17. Qe2 (17. Bh5 $17 {was necessary.}) 17... Qf6 $19 18. Be3 (18. Kg2 {is a better defense.}) 18... Bd7 $40 {[%emt 0:01:43][%mdl 128] Hoping for ...0-0-0. White is in trouble.} 19. Kg2 O-O-O 20. f4 $2 {[%emt 0:00:53][%mdl 8192] This costs White the game.} (20. Rh1 $17 {nothing else works.}) 20... Bxe3 21. fxe5 {[%emt 0:00:28] [#]} Nxe5 22. Rh1 Bd4 {[%emt 0:04:40] Strongly threatening ...Rdg8.} 23. Rbf1 Qg7 24. Rf4 Rdg8 {[%emt 0:01:34][%cal Of7f5] And now ...f5! would win.} 25. Rhf1 f5 26. exf5 exf5 {[%emt 0:00:46] ...Rxh2+ is the strong threat.} 27. Bxf5 Qxg3+ 28. Kh1 {[%emt 0:00:06] [#]} Qxf4 $3 {[%emt 0:00:15][%mdl 512] Weighted Error Value: White=1.12/Black=0.19 (very precise)} 0-1

[Event "Czech Championship 2022"]
[Site "Usti nad Labem"]
[Date "2022.05.20"]
[Round "7.24"]
[White "Kozak, Milos"]
[Black "Jirasko, Miroslav"]
[Result "1-0"]
[ECO "E65"]
[WhiteElo "2114"]
[BlackElo "2091"]
[Annotator "TA"]
[PlyCount "95"]
[EventDate "2022.05.12"]
[EventType "swiss"]
[EventCountry "CZE"]
[SourceTitle "playchess.com"]
[Source "ChessBase"]
[SourceQuality "1"]
[TimeControl "40/5400+30:1800+30"]

1. d4 Nf6 2. c4 g6 3. g3 Bg7 4. Bg2 O-O 5. Nc3 d6 6. Nf3 c5 7. dxc5 dxc5 8. O-O Nc6 9. Bf4 Nh5 10. Bd2 {[%emt 0:06:58] E65: King's Indian: Fianchetto: 6...c5 7 0-0 without d5 by White.} Be6 11. b3 Qc8 {[%emt 0:02:32] [#]} 12. Re1 $146 {[%emt 0:10:46] The position is equal.} ({Predecessor:} 12. Rc1 Bh3 13. Qc2 Nd4 14. Qb1 Rd8 15. Rcd1 Nxf3+ 16. exf3 Bxg2 17. Kxg2 Rxd2 18. Rxd2 Bxc3 {0-1 (35) Gonzalez Jimenez,G (1615)-Villacorta Nicolas,D (2162) Madrid 2018}) 12... Rd8 {[%emt 0:18:59] [#] White must now prevent ...Bxc3.} 13. Rc1 h6 14. Qc2 Nd4 ({Black should try} 14... Bh3 $11) 15. Nxd4 $14 cxd4 16. Nd5 Qd7 17. Be4 {[%emt 0:00:00] White is more active.} (17. Ba5 $16) 17... Kh7 18. Nf4 (18. Ba5 $14) 18... Nxf4 $15 19. gxf4 Bf5 20. Bxf5 gxf5 21. Qd3 Bf6 22. Kh1 e6 23. Rg1 Qc6+ 24. f3 Rg8 25. Rg3 a6 26. a4 Rgc8 27. Rgg1 Rab8 28. a5 b6 29. axb6 Rxb6 30. b4 Rb7 31. b5 ({Better is} 31. Rgd1 $14) 31... Qb6 {[%emt 0:06:44] [#]} (31... Qe8 $11) 32. Rb1 $2 (32. e4 $1 $16 ) 32... axb5 33. Rxb5 Qa6 (33... Qc6 $17) 34. Rxf5 $1 $40 {[%emt 0:00:00][%mdl 128] White has some attack.} Qxc4 $2 {[%emt 0:03:27][%mdl 8192] Black cannot hold the game after this.} 35. Qe4 $18 Qc6 36. Rxf6+ Qxe4 37. fxe4 {[%emt 0:00:07] f5 would kill now.} Rc2 38. Bc1 Rbc7 39. Ba3 {[%emt 0:00:29] Intending Bf8 and mate.} R2c3 40. Bd6 Rd7 41. Bf8 Rh3 42. Rg7+ Kh8 43. Rg3 Rxg3 44. hxg3 Rc7 45. Rxh6+ Kg8 46. Bd6 Rc3 47. Be5 Rxg3 48. Rh8# {[%emt 0:17:56] Weighted Error Value: White=0.25 (precise) /Black=0.50} 1-0